 Dungeon Crawl Stone Soup version 0.20.1-1-g8b1a95d (webtiles) character file.

373 StigmataCrucible the Covert (level 6, -15/47 HPs)
             Began as a Vampire Assassin on Sept 3, 2017.
             Was a Believer of Dithmenos.
             Demolished by Duvessa
             ... wielding a +2 rapier of speed
              (25 damage)
             ... on level 4 of the Dungeon.
             The game lasted 00:30:53 (4393 turns).

StigmataCrucible the Covert (Vampire Assassin)      Turns: 4393, Time: 00:30:54

Health: -15/47     AC:  3    Str: 10    XL:     6   Next: 43%
Magic:  6/6        EV: 12    Int: 14    God:    Dithmenos [**....]
Gold:   205        SH:  4    Dex: 17    Spells: 5/5 levels left

rFire    . . .     SeeInvis +   a - +2 dagger
rCold    . . .     Gourm    .   A - +0 buckler
rNeg     + . .     Faith    .   c - +0 robe
rPois    .         Spirit   .   (no helmet)
rElec    .         Reflect  .   d - +0 cloak
rCorr    .         Harm     .   (no gloves)
MR       .....                  (no boots)
Stlth    +++++.....             (no amulet)
Regen    0.2/turn               (no ring)
MPRegen  0.1/turn               (no ring)

@: wreathed by umbra
A: fangs 3, see invisible, unbreathing
a: Bat Form, Shadow Step, Renounce Religion


You were on level 4 of the Dungeon.
You worshipped Dithmenos.
Dithmenos was pleased with you.
You were not thirsty.

You visited 1 branch of the dungeon, and saw 4 of its levels.

You collected 205 gold pieces.

Inventory:

Hand Weapons
 a - a +2 dagger (weapon)
 b - a +0 blowgun
 k - a +0 dagger
 m - a cursed -1 hand axe
 o - a +0 scythe
 B - a cursed +0 dagger
Missiles
 e - 23 poisoned needles
 f - 2 curare-tipped needles
 n - 15 bolts
 y - 17 sling bullets
Armour
 c - a +0 robe (worn)
 d - a +0 cloak (worn)
 h - a +0 robe
 i - a +0 scale mail
 s - a +0 robe
 A - a +0 buckler (worn)
Scrolls
 j - 3 scrolls of identify
 l - 2 scrolls of amnesia
 p - a scroll of teleportation
 u - 2 scrolls of fog
 C - a scroll of remove curse
Potions
 g - 8 potions of blood
 q - a potion of flight
 r - a potion of berserk rage
 t - a potion of degeneration
 v - 2 potions of haste
 w - 2 potions of magic {unknown}
 x - a potion of brilliance {unknown}
 z - a potion of curing {unknown}


   Skills:
 + Level 3.1 Fighting
 + Level 4.2 Short Blades
 + Level 1.7 Throwing
 + Level 2.5 Dodging
 + Level 8.8 Stealth


You had 5 spell levels left.
You didn't know any spells.

Dungeon Overview and Level Annotations

Branches:
Dungeon (4/15)
 Temple: D:4-7

Altars:
Cheibriados
Dithmenos
Okawaru

Annotations:
D:4 Duvessa


Innate Abilities, Weirdness & Mutations

You have razor-sharp teeth.
You have supernaturally acute eyesight. (SInv)
You can survive without breathing.


Message History

Duvessa misses you.
You hit Duvessa.
Duvessa is lightly wounded.
Duvessa hits you but does no damage.
Duvessa hits you with a rapier of speed!
You barely miss Duvessa.
Duvessa is lightly wounded.
Duvessa closely misses you.
You hit Duvessa but do no damage.
Duvessa is lightly wounded.
Duvessa hits you with a rapier of speed!
* * * LOW HITPOINT WARNING * * *
Aiming: Shadow Step
Press: ? - help, Dir - move target cursor There isn't a shadow there.
Okay, then.
Duvessa closely misses you. x2
Duvessa hits you with a rapier of speed!!
Ouch! That really hurt!
You die...

..> #.# ... #
#.# # #
#.##.##.# ..
#..)....#
...####.####
.......e#
$..)...@#####...
................
........<####...
....#..###
....$.. ..####.
## #. #. #.


You could see Duvessa (berserk).

Vanquished Creatures
  Sigmund (D:2)
  Dowan (D:4)
  Robin (D:2)
  8 adders
  A worm (D:3)
  2 dart slugs
  2 leopard geckos
  An orc (D:3)
  9 ball pythons (D:2)
  5 bats
  3 giant cockroaches (D:2)
  10 hobgoblins
  3 jackals (D:2)
  5 kobolds
  A quokka (D:2)
  4 frilled lizards
  14 goblins
  6 rats
77 creatures vanquished.

Notes
Turn   | Place    | Note
-------+----------+-------------------------------------------
     0 | D:1      | StigmataCrucible the Vampire Assassin began the quest for the Orb.
     0 | D:1      | Reached XP level 1. HP: 16/16 MP: 1/1
   160 | D:1      | Reached skill level 6 in Stealth
   306 | D:1      | Reached XP level 2. HP: 19/22 MP: 2/2
  1112 | D:2      | Found a faded altar of an unknown god.
  1181 | D:2      | Became a worshipper of Dithmenos the Shadowed
  1181 | D:2      | Reached * piety under Dithmenos
  1317 | D:2      | Reached skill level 7 in Stealth
  1317 | D:2      | Reached XP level 3. HP: 27/27 MP: 3/3
  1423 | D:2      | Noticed Sigmund
  1436 | D:2      | Killed Sigmund
  1436 | D:2      | Reached skill level 8 in Stealth
  1436 | D:2      | Reached XP level 4. HP: 18/34 MP: 4/4
  1436 | D:2      | Reached XP level 5. HP: 21/40 MP: 5/5
  1463 | D:2      | Found a snail-covered altar of Cheibriados.
  2318 | D:2      | Reached XP level 6. HP: 46/46 MP: 6/6
  2329 | D:2      | Noticed Robin
  2373 | D:2      | Killed Robin
  2373 | D:2      | Reached ** piety under Dithmenos
  3582 | D:3      | Found an iron altar of Okawaru.
  4377 | D:4      | Noticed Dowan
  4382 | D:4      | Noticed Duvessa
  4384 | D:4      | Killed Dowan
  4393 | D:4      | Demolished by Duvessa

Skill      XL: |  1  2  3  4  5  6 |
---------------+-------------------+-----
Stealth        | 6 7 8 |  8.8
Fighting       | 2 3 |  3.1
Short Blades   | 3 4 |  4.2
Dodging        | 2 |  2.5
Throwing       | |  1.7

Action                   |  1- 3 |  4- 6 || total
-------------------------+-------+-------++-------
Melee: Dagger            |    69 |   200 ||   269
       Bite              |     5 |    23 ||    28
 Abil: End Transformatio |       |     1 ||     1
       Bat Form          |       |     1 ||     1
  Use: Scroll            |     7 |     5 ||    12
       Potion            |     1 |     6 ||     7
 Stab: Sleeping          |     5 |    15 ||    20
       Distracted        |     1 |       ||     1
  Eat: Corpse            |       |     1 ||     1
Armor: Robe              |    13 |    35 ||    48
Dodge: Dodged            |    46 |   184 ||   230
